[Event "Fall GM Norm Invitational 2020"]
[Site "Charlotte"]
[Date "2020.10.04"]
[Round "7.1"]
[White "Liang, Jason"]
[Black "Gauri, Shankar"]
[Result "0-1"]
[ECO "C65"]
[WhiteElo "2367"]
[BlackElo "2353"]
[Annotator "ChessBase"]
[PlyCount "136"]
[EventDate "2020.09.30"]
[EventType "tourn"]
[EventCountry "USA"]
[SourceTitle "playchess.com"]
[Source "ChessBase"]
[SourceQuality "1"]
[TimeControl "5400+30"]

1. e4 e5 2. Nf3 Nc6 3. Bb5 Nf6 4. d3 Bc5 5. Bxc6 dxc6 6. Qe2 Qe7 7. Be3 Nd7 8. Nbd2 a5 9. O-O O-O 10. a3 Bd6 11. Rfd1 Re8 12. Nf1 c5 13. Ng3 g6 14. h3 Nf8 15. Nh2 f5 16. exf5 gxf5 17. Bd2 Ng6 18. Re1 Bd7 19. Qh5 Rf8 20. Nf3 f4 21. Ne4 Qg7 22. Nh2 Rf5 23. Qe2 Raf8 24. Nf3 Rh5 25. Kh2 Bg4 26. Qf1 Kh8 27. Ng1 f3 28. Ng3 fxg2 29. Qxg2 Rh4 30. Ne4 Be7 31. Re3 Nf4 32. Qf1 Be6 33. Rg3 Qh6 34. Re1 Qh5 35. Ree3 b6 36. b3 h6 37. a4 Kh7 38. Bc1 Rf5 39. Bb2 Qf7 40. Rg4 Ng6 41. Reg3 Rxg4 42. hxg4 Rf4 43. Qe2 Bh4 44. Rg2 Qd7 45. f3 Rf8 46. Nh3 Qf7 47. Nd2 Bd5 48. Ng1 Nf4 49. Qxe5 Nxg2 50. Kxg2 Re8 51. Qh2 Bg5 52. Ne4 Bxe4 53. dxe4 Bf4 54. Qh4 Bg5 55. Qg3 Rd8 56. Nh3 Rd2+ 57. Kf1 Bh4 58. Qf4 Qxf4 59. Nxf4 Rf2+ 60. Kg1 Rxf3 61. Nd5 Rg3+ 62. Kh2 Rxg4 63. Kh3 Rxe4 64. Nxc7 Bd8 65. Nb5 Re2 66. Na3 h5 67. Bc1 Bc7 68. Kh4 Kg6 0-1

[Event "Fall GM Norm Invitational 2020"]
[Site "Charlotte"]
[Date "2020.10.04"]
[Round "7.3"]
[White "Daggupati, Balaji"]
[Black "Ostrovskiy, Aleksandr"]
[Result "1/2-1/2"]
[ECO "B12"]
[WhiteElo "2331"]
[BlackElo "2427"]
[Annotator "ChessBase"]
[PlyCount "117"]
[EventDate "2020.09.30"]
[EventType "tourn"]
[EventCountry "USA"]
[SourceTitle "playchess.com"]
[Source "ChessBase"]
[SourceQuality "1"]
[TimeControl "5400+30"]

1. e4 c6 2. d4 d5 3. e5 c5 4. dxc5 e6 5. a3 Bxc5 6. b4 Be7 7. Nf3 Nd7 8. Bb2 a5 9. b5 Nh6 10. c4 Nb6 11. cxd5 exd5 12. Bd3 Bf5 13. O-O O-O 14. Bc1 Bg6 15. Bxh6 gxh6 16. Nc3 Rc8 17. Ne2 Nc4 18. Bxg6 hxg6 19. Qd3 Re8 20. Nf4 Bg5 21. Nxg5 Qxg5 22. Nxd5 Rxe5 23. Qh3 Ree8 24. Rad1 Rc5 25. Qd7 Re2 26. Nc3 Re6 27. Na4 Nxa3 28. Nxc5 Qxc5 29. Qxb7 Qxb5 30. Rd8+ Kg7 31. Qxb5 Nxb5 32. Rd5 Nc3 33. Rxa5 Ne2+ 34. Kh1 h5 35. h4 Nd4 36. g3 Nf5 37. Kg2 Nh6 38. Ra2 Rf6 39. Rd1 Rb6 40. Rd4 Nf5 41. Rf4 Rb7 42. Ra5 Rc7 43. g4 hxg4 44. Rxg4 Kh6 45. Ra8 Kh5 46. Raa4 Rc2 47. Rgf4 Rc7 48. Ra5 Rb7 49. Rd5 Ra7 50. Rc5 Rb7 51. Rfc4 Rb6 52. Kf3 Rb3+ 53. Kg2 Rb6 54. Ra5 Rb7 55. Raa4 Rd7 56. Kf3 Rd3+ 57. Ke4 Rd2 58. Kf3 Rd3+ 59. Kg2 1/2-1/2

[Event "Fall GM Norm Invitational 2020"]
[Site "Charlotte"]
[Date "2020.10.04"]
[Round "7.4"]
[White "Mishra, Abhimanyu"]
[Black "Dragun, Kamil"]
[Result "0-1"]
[ECO "B72"]
[WhiteElo "2342"]
[BlackElo "2561"]
[Annotator "ChessBase"]
[PlyCount "90"]
[EventDate "2020.09.30"]
[EventType "tourn"]
[EventCountry "USA"]
[SourceTitle "playchess.com"]
[Source "ChessBase"]
[SourceQuality "1"]
[TimeControl "5400+30"]

1. e4 c5 2. Nf3 d6 3. d4 cxd4 4. Nxd4 Nf6 5. Nc3 a6 6. Bd3 g6 7. f3 Bg7 8. Be3 Nbd7 9. Qd2 b5 10. Bh6 Bxh6 11. Qxh6 e5 12. Nb3 b4 13. Ne2 Qb6 14. Nd2 a5 15. Nc4 Qc5 16. Qe3 Ke7 17. Ng3 Ba6 18. Qxc5 Nxc5 19. Nf1 Nxd3+ 20. cxd3 d5 21. Nxe5 Ke6 22. d4 dxe4 23. O-O-O Rac8+ 24. Kb1 exf3 25. Nxf3 Ne4 26. Ng3 f5 27. Rhe1 Kd5 28. Ne2 Bxe2 29. Rxe2 Rhe8 30. Rde1 a4 31. Re3 Rc7 32. Rd3 g5 33. Rf1 f4 34. h3 Rec8 35. h4 h6 36. hxg5 hxg5 37. Nd2 Ng3 38. Re1 Ne2 39. a3 Rc1+ 40. Rxc1 Rxc1+ 41. Ka2 Rd1 42. Rh3 Nc1+ 43. Kb1 Nb3+ 44. Kc2 Rxd2+ 45. Kb1 Nxd4 0-1

[Event "Fall GM Norm Invitational 2020"]
[Site "Charlotte"]
[Date "2020.10.04"]
[Round "7.5"]
[White "Stremavicius, Titas"]
[Black "Fernandez, Daniel"]
[Result "1/2-1/2"]
[ECO "D14"]
[WhiteElo "2517"]
[BlackElo "2470"]
[Annotator "ChessBase"]
[PlyCount "20"]
[EventDate "2020.09.30"]
[EventType "tourn"]
[EventCountry "USA"]
[SourceTitle "playchess.com"]
[Source "ChessBase"]
[SourceQuality "1"]
[TimeControl "5400+30"]

1. d4 Nf6 2. Nf3 d5 3. c4 c6 4. cxd5 cxd5 5. Nc3 Nc6 6. Bf4 Bf5 7. e3 e6 8. Bd3 Bxd3 9. Qxd3 Bd6 10. Bxd6 Qxd6 1/2-1/2

[Event "Fall GM Norm Invitational 2020"]
[Site "Charlotte"]
[Date "2020.10.04"]
[Round "8.3"]
[White "Ostrovskiy, Aleksandr"]
[Black "Liang, Jason"]
[Result "1-0"]
[ECO "B15"]
[WhiteElo "2427"]
[BlackElo "2367"]
[Annotator "ChessBase"]
[PlyCount "179"]
[EventDate "2020.09.30"]
[EventType "tourn"]
[EventCountry "USA"]
[SourceTitle "playchess.com"]
[Source "ChessBase"]
[SourceQuality "1"]
[TimeControl "5400+30"]

1. e4 c6 2. Nc3 d5 3. Nf3 g6 4. d4 Bg7 5. h3 dxe4 6. Nxe4 Nf6 7. Nxf6+ exf6 8. Bd3 O-O 9. O-O a5 10. Re1 Na6 11. c3 Nc7 12. Bf4 Nd5 13. Bh2 a4 14. c4 Nb4 15. Bf1 a3 16. Qb3 axb2 17. Qxb2 Na6 18. Rad1 Re8 19. Rxe8+ Qxe8 20. d5 Qd8 21. Qd4 c5 22. Qb2 b6 23. a3 Nb8 24. Re1 Nd7 25. Qb3 Ba6 26. Nd2 f5 27. Nf3 Qf8 28. Qa4 Qd8 29. Qc6 Rc8 30. Qa4 Ra8 31. Qc6 Rc8 32. Qd6 Bf8 33. Qf4 Qf6 34. Ne5 Nxe5 35. Qxe5 Qxe5 36. Bxe5 Re8 37. f4 f6 38. Bc3 Rxe1 39. Bxe1 Bd6 40. g3 Kf7 41. Kf2 Ke7 42. Bc3 Bc8 43. Bd3 Bd7 44. Bc2 Kf7 45. Ke3 g5 46. Bd1 Kg6 47. a4 Bc7 48. Bd2 Bc8 49. Kd3 Bd7 50. Kc3 h6 51. Kb3 h5 52. h4 g4 53. Be3 Bd6 54. Bc2 Kf7 55. a5 bxa5 56. Ka3 Ke7 57. Ba4 Bc8 58. Bb5 Kd8 59. Ka4 Bb7 60. Bd2 Ke7 61. Bxa5 Bc8 62. Bb6 Bb7 63. Ba7 Bc8 64. Ka5 Bc7+ 65. Bb6 Bd6 66. Bc6 Kf7 67. Kb5 Kg6 68. Bxc5 Ba6+ 69. Kb6 Bxc4 70. Bxd6 Kh7 71. Kc5 Ba2 72. Be8 Kh6 73. Bf8+ Kh7 74. Bf7 Bxd5 75. Kxd5 Kh8 76. Ke6 Kh7 77. Kxf6 Kh8 78. Kxf5 Kh7 79. Kg5 Kh8 80. Kxh5 Kh7 81. Kxg4 Kh8 82. Kf5 Kh7 83. Kf6 Kh8 84. g4 Kh7 85. g5 Kh8 86. h5 Kh7 87. g6+ Kh8 88. g7+ Kh7 89. g8=B+ Kh8 90. Bg7# 1-0

[Event "Fall GM Norm Invitational 2020"]
[Site "Charlotte"]
[Date "2020.10.04"]
[Round "8.5"]
[White "Mishra, Abhimanyu"]
[Black "Niemann, Hans Moke"]
[Result "0-1"]
[ECO "C55"]
[WhiteElo "2342"]
[BlackElo "2465"]
[Annotator "ChessBase"]
[PlyCount "112"]
[EventDate "2020.09.30"]
[EventType "tourn"]
[EventCountry "USA"]
[SourceTitle "playchess.com"]
[Source "ChessBase"]
[SourceQuality "1"]
[TimeControl "5400+30"]

1. e4 e5 2. Nf3 Nc6 3. Bc4 Nf6 4. d3 h6 5. c3 d6 6. O-O g5 7. Nbd2 g4 8. Ne1 h5 9. f4 exf4 10. Rxf4 Bh6 11. Rf1 Qe7 12. Nb3 Ne5 13. Bxh6 Rxh6 14. Nd2 Bd7 15. Bb3 g3 16. h3 Nfg4 17. Qe2 Nh2 18. Qe3 Rh7 19. Rf4 h4 20. d4 Ng6 21. Nd3 O-O-O 22. Re1 Re8 23. e5 Nxf4 24. Nxf4 c6 25. Nc4 d5 26. Nd6+ Qxd6 27. exd6 Rxe3 28. Rxe3 Rh6 29. Ne2 Re6 30. Rxe6 Bxe6 31. Bc2 Kd7 32. Nf4 Kxd6 33. b4 b5 34. a4 bxa4 35. Bxa4 Bf5 36. Bb3 Be6 37. Ba4 Bc8 38. Bd1 Ba6 39. Be2 Bxe2 40. Nxe2 Ke6 41. Nc1 Kf5 42. Nb3 Ke4 43. Na5 f5 44. Nxc6 f4 45. b5 f3 46. gxf3+ Nxf3+ 47. Kf1 Ng5 48. Ne5 Nxh3 49. Ng6 g2+ 50. Kxg2 Nf4+ 51. Nxf4 Kxf4 52. Kh3 Ke4 53. Kxh4 Kd3 54. Kg4 Kxc3 55. Kf5 Kxd4 56. Ke6 Kc5 0-1

[Event "Fall GM Norm Invitational 2020"]
[Site "Charlotte"]
[Date "2020.10.05"]
[Round "9.3"]
[White "Liang, Jason"]
[Black "Mista, Aleksander"]
[Result "0-1"]
[ECO "C77"]
[WhiteElo "2367"]
[BlackElo "2574"]
[Annotator "ChessBase"]
[PlyCount "84"]
[EventDate "2020.09.30"]
[EventType "tourn"]
[EventCountry "USA"]
[SourceTitle "playchess.com"]
[Source "ChessBase"]
[SourceQuality "1"]
[TimeControl "5400+30"]

1. e4 e5 2. Nf3 Nc6 3. Bb5 a6 4. Ba4 Nf6 5. d3 d6 6. c4 Be7 7. Nc3 O-O 8. h3 Nd7 9. O-O Nc5 10. Bxc6 bxc6 11. d4 exd4 12. Nxd4 Bd7 13. Be3 Bf6 14. Qc2 a5 15. Rad1 Qb8 16. Nde2 Qb4 17. b3 Rfe8 18. Rb1 g6 19. Rfd1 Bg7 20. Bd4 f5 21. Bxg7 Kxg7 22. Qb2 Kg8 23. exf5 Bxf5 24. Ra1 a4 25. Nd4 axb3 26. axb3 Rxa1 27. Qxa1 Nxb3 28. Qb2 Qxc4 29. Nxb3 Rb8 30. g4 Rxb3 31. Qa2 Rxc3 32. Qa8+ Kg7 33. gxf5 Rxh3 34. f6+ Kh6 35. Qf8+ Kg5 36. Qc8 Qh4 37. Rd2 Rh1+ 38. Kg2 Re1 39. f4+ Qxf4 40. Rf2 Qe4+ 41. Rf3 Re2+ 42. Kg1 Qxf3 0-1